General information
- name: BNet
- type: Ladder 1vs1/FFA
- host: Battle.net
- saver: Fa-ra-ra-ra-ra
map: TidewaterGlades
- players: 2
- length: 115:33
- speed: Fast
- version: 1.26 W3XP
- replay type: Public
» download(304 KB)
Players
team 1 (winner)
Fa-ra-ra-ra-ra (
green | 49 APM | 5665 actions | 115:33)
7 Archmage
3 Blizzard
3 Brilliance Aura
1 Mass Teleport
5 Blood Mage
3 Flame Strike
2 Siphon Mana
» actions
| Assign group hotkey | 60 | |
| Basic commands | 316 | |
| Build / train | 182 | |
| ESC pressed | 14 | |
| Enter build submenu | 111 | |
| Enter hero's abilities submenu | 13 | |
| Give item / drop item | 22 | |
| Right click | 2077 | |
| Select / deselect | 1246 | |
| Select group hotkey | 976 | |
| Use ability | 648 | |
5665 total
» units
| Peasant | 23 | |
| Dragonhawk Rider | 11 | |
| Goblin Sapper | 1 | |
| Goblin Shredder | 2 | |
| Sorceress | 1 | |
| Goblin Zeppelin | 2 | |
| Mortar Team | 1 | |
| Flying Machine | 9 | |
50 total
» upgrades
| Masonry | 3 | |
| Swords | 3 | |
| Armor | 3 | |
| Cloud | 1 | |
| Storm Hammers | 1 | |
| Magic Sentry | 1 | |
| Sorceress Training | 2 | |
| Plating | 3 | |
| Fragmentation Shards | 1 | |
| Barrage | 1 | |
| Flak Cannons | 1 | |
| Gunpowder | 2 | |
| Animal War Training | 1 | |
| Priest Training | 2 | |
| Flying Machine Bombs | 1 | |
26 total
» buildings
| Altar of Kings | 1 | |
| Farm | 14 | |
| Arcane Vault | 2 | |
| Lumber Mill | 2 | |
| Scout Tower | 99 | |
| Arcane Tower | 8 | |
| Guard Tower | 38 | |
| Keep | 2 | |
| Gryphon Aviary | 4 | |
| Town Hall | 5 | |
| Blacksmith | 1 | |
| Castle | 1 | |
| Arcane Sanctum | 2 | |
| Workshop | 1 | |
| Barracks | 1 | |
181 total
» build order
00:05 Altar of Kings
00:24 Farm
00:49 Arcane Vault
00:54 Farm
01:03 Lumber Mill
01:24 Scout Tower
02:00 Arcane Tower
02:06 Scout Tower
02:18 Scout Tower
02:34 Guard Tower
02:34 Guard Tower
02:34 Guard Tower
02:45 Guard Tower
03:19 Scout Tower
03:23 Scout Tower
03:32 Farm
03:49 Guard Tower
03:54 Keep
03:58 Arcane Tower
04:01 Scout Tower
04:04 Scout Tower
04:32 Guard Tower
04:38 Guard Tower
06:29 Scout Tower
06:30 Scout Tower
06:31 Scout Tower
06:42 Scout Tower
06:43 Scout Tower
06:44 Scout Tower
06:55 Gryphon Aviary
06:56 Gryphon Aviary
06:59 Farm
06:59 Gryphon Aviary
07:01 Farm
07:07 Guard Tower
07:27 Arcane Tower
07:33 Guard Tower
07:42 Guard Tower
08:15 Farm
08:51 Town Hall
10:16 Farm
10:16 Farm
10:17 Farm
11:39 Scout Tower
11:40 Scout Tower
11:40 Scout Tower
12:14 Guard Tower
13:15 Blacksmith
14:14 Castle
14:48 Scout Tower
14:48 Scout Tower
14:53 Scout Tower
14:54 Scout Tower
14:55 Scout Tower
16:22 Guard Tower
16:59 Guard Tower
18:23 Arcane Vault
22:55 Arcane Sanctum
22:59 Arcane Sanctum
24:34 Scout Tower
24:34 Scout Tower
24:35 Scout Tower
24:35 Scout Tower
24:59 Guard Tower
25:03 Guard Tower
25:03 Guard Tower
25:03 Guard Tower
25:07 Scout Tower
25:07 Scout Tower
25:08 Guard Tower
25:34 Guard Tower
25:37 Town Hall
25:41 Scout Tower
25:41 Scout Tower
25:42 Scout Tower
25:43 Scout Tower
25:46 Scout Tower
26:01 Scout Tower
26:58 Guard Tower
27:00 Scout Tower
27:00 Scout Tower
27:02 Scout Tower
27:08 Scout Tower
27:58 Arcane Tower
28:13 Guard Tower
28:16 Farm
28:35 Arcane Tower
29:01 Farm
29:04 Farm
31:06 Workshop
32:57 Town Hall
33:35 Scout Tower
33:36 Scout Tower
33:36 Scout Tower
33:37 Scout Tower
33:40 Scout Tower
33:44 Scout Tower
35:25 Scout Tower
35:26 Scout Tower
35:26 Scout Tower
35:27 Scout Tower
35:28 Scout Tower
35:45 Scout Tower
36:10 Guard Tower
36:14 Arcane Tower
36:15 Arcane Tower
36:16 Guard Tower
36:19 Town Hall
36:26 Scout Tower
36:28 Scout Tower
37:31 Town Hall
37:51 Scout Tower
37:52 Scout Tower
37:52 Scout Tower
37:53 Scout Tower
37:54 Scout Tower
37:55 Scout Tower
38:03 Scout Tower
38:42 Guard Tower
38:45 Scout Tower
38:45 Scout Tower
38:52 Guard Tower
38:54 Arcane Tower
38:56 Scout Tower
40:46 Guard Tower
42:14 Guard Tower
42:45 Scout Tower
42:50 Scout Tower
42:52 Scout Tower
43:28 Barracks
43:29 Guard Tower
43:44 Guard Tower
47:40 Gryphon Aviary
57:00 Scout Tower
57:01 Scout Tower
57:03 Scout Tower
57:11 Scout Tower
59:01 Guard Tower
59:04 Scout Tower
59:06 Scout Tower
59:07 Scout Tower
59:18 Farm
59:19 Farm
59:30 Scout Tower
59:31 Scout Tower
59:32 Scout Tower
59:34 Scout Tower
59:40 Scout Tower
59:43 Scout Tower
59:45 Scout Tower
59:54 Scout Tower
59:56 Scout Tower
60:57 Guard Tower
61:00 Scout Tower
61:11 Scout Tower
61:16 Scout Tower
61:20 Scout Tower
61:25 Scout Tower
61:26 Scout Tower
61:29 Scout Tower
61:30 Guard Tower
65:07 Lumber Mill
65:28 Scout Tower
65:33 Scout Tower
65:37 Scout Tower
66:10 Guard Tower
66:11 Guard Tower
66:20 Scout Tower
66:25 Guard Tower
66:59 Scout Tower
67:01 Scout Tower
67:11 Scout Tower
67:12 Scout Tower
67:17 Scout Tower
67:23 Scout Tower
68:06 Scout Tower
68:09 Scout Tower
68:45 Guard Tower
» items
| Scroll of Regeneration | 8 | |
| Lesser Clarity Potion | 6 | |
| Ivory Tower | 2 | |
| Boots of Speed | 2 | |
| Staff of Teleportation | 2 | |
| Potion of Invisibility | 4 | |
| Potion of Healing | 3 | |
| Potion of Lesser Invulnerability | 4 | |
| Periapt of Vitality | 2 | |
| Staff of Sanctuary | 1 | |
| Scroll of Town Portal | 1 | |
| Mechanical Critter | 2 | |
| Scroll of Healing | 3 | |
| Scroll of Protection | 2 | |
| Tome of Retraining | 1 | |
43 total
team 2 (loser)

»
CoBo (
pink | 61 APM | 6991 actions | 115:32)
4 Demon Hunter
2 Mana Burn
2 Evasion
3 Keeper of the Grove
2 Entangling Roots
1 Thorns Aura
» actions
| Assign group hotkey | 51 | |
| Basic commands | 286 | |
| Build / train | 145 | |
| Enter build submenu | 47 | |
| Enter hero's abilities submenu | 7 | |
| Give item / drop item | 13 | |
| Remove unit from queue | 5 | |
| Right click | 2846 | |
| Select / deselect | 1114 | |
| Select group hotkey | 2270 | |
| Use ability | 207 | |
6991 total
» units
| Wisp | 51 | |
| Archer | 5 | |
| Huntress | 7 | |
| Dryad | 6 | |
| Druid of the Claw | 2 | |
| Hippogryph | 10 | |
| Druid of the Talon | 7 | |
| Chimaera | 7 | |
| Faerie Dragon | 1 | |
| Goblin Zeppelin | 2 | |
98 total
» upgrades
| Strength of the Moon | 3 | |
| Druid of the Claw Training | 2 | |
| Abolish Magic | 1 | |
| Druid of the Talon Training | 2 | |
| Ultravision | 1 | |
| Nature's Blessing | 1 | |
| Corrosive Breath | 1 | |
| Mark of the Talon | 1 | |
| Well Spring | 1 | |
| Reinforced Hides | 3 | |
| Strength of the Wild | 3 | |
| Moon Armor | 3 | |
| Mark of the Claw | 1 | |
23 total
» buildings
| Altar of Elders | 2 | |
| Moon Well | 18 | |
| Ancient of War | 1 | |
| Hunter's Hall | 2 | |
| Tree of Ages | 2 | |
| Tree of Life | 5 | |
| Ancient of Wonders | 2 | |
| Ancient of Lore | 3 | |
| Ancient of Wind | 2 | |
| Ancient Protector | 5 | |
| Tree of Eternity | 2 | |
| Chimaera Roost | 1 | |
45 total
» build order
00:10 Altar of Elders
00:20 Moon Well
00:37 Ancient of War
01:56 Moon Well
02:27 Hunter's Hall
02:47 Moon Well
04:27 Moon Well
05:01 Tree of Ages
06:37 Tree of Life
06:47 Ancient of Wonders
08:25 Ancient of Lore
08:29 Ancient of Lore
10:53 Moon Well
13:10 Ancient of Wind
14:12 Ancient Protector
14:55 Moon Well
17:10 Moon Well
17:24 Moon Well
17:31 Ancient Protector
18:30 Moon Well
18:48 Tree of Life
19:27 Ancient Protector
20:09 Tree of Eternity
20:50 Ancient Protector
24:11 Tree of Life
24:18 Tree of Life
28:45 Ancient Protector
29:03 Moon Well
29:58 Moon Well
31:53 Moon Well
32:53 Moon Well
32:54 Tree of Ages
36:25 Ancient of Wind
37:52 Moon Well
38:06 Moon Well
39:05 Moon Well
39:23 Altar of Elders
40:28 Tree of Eternity
41:10 Hunter's Hall
42:42 Ancient of Wonders
42:57 Chimaera Roost
43:12 Moon Well
46:10 Tree of Life
61:48 Ancient of Lore
77:23 Moon Well
» items
| Moonstone | 1 | |
| Potion of Healing | 1 | |
| Staff of Preservation | 1 | |
| Scroll of Town Portal | 1 | |
| Orb of Venom | 1 | |
| Potion of Lesser Invulnerability | 2 | |
| Scroll of Healing | 1 | |
| Dust of Appearance | 1 | |
| Scroll of Protection | 1 | |
10 total
Chat log
(70:18 / All) Fa-ra-ra-ra-ra: BELIEVE IT OR NOT
(70:21 / All) Fa-ra-ra-ra-ra: IM NOT AT MY BASE
(70:24 / All) Fa-ra-ra-ra-ra: I MINED IT ALL ZERO
(70:31 / All) Fa-ra-ra-ra-ra: UH-UHP-KEEP
(70:34 / All) Fa-ra-ra-ra-ra: FLYING AROUND
(70:38 / All) Fa-ra-ra-ra-ra: WITH MY HAWKS AND ZEPPLINS
(70:40 / All) Fa-ra-ra-ra-ra: WHERE CAN I BE?
(70:45 / All) Fa-ra-ra-ra-ra: BELIEVE IT OR NOT, IM NOT THERE...
(71:23 / All) Fa-ra-ra-ra-ra: DECK THE HALLS WITH LOTS OF TOWERS
(71:27 / All) Fa-ra-ra-ra-ra: FA RA RA RA RA RA RA RA!
(71:36 / All) Fa-ra-ra-ra-ra: WATCH YOUR OPPONENT WASTE HIS GOLD
(71:40 / All) Fa-ra-ra-ra-ra: FA RA RA RA RA RA RA RA RA
(71:57 / All) Fa-ra-ra-ra-ra: DON WE NOW OUR TOMES OF POWER
(72:02 / All) Fa-ra-ra-ra-ra: FA RA RA RA RA RA, RA RA RA!
(72:09 / All) Fa-ra-ra-ra-ra: TIS THE SEASON TO BE LOLLING
(72:14 / All) Fa-ra-ra-ra-ra: FA RARARARA...RA RA RA RA!
(74:51 / All) Fa-ra-ra-ra-ra: Here's a Christmas present, you Brazilian heathen.
(75:01 / All) Fa-ra-ra-ra-ra: I hid 6 critters on the map, kill them all and I'll leave.
(76:18 / All) Fa-ra-ra-ra-ra: you're about to make a big mistake.
(76:48 / All) Fa-ra-ra-ra-ra: Told you.
(77:06 / All) Fa-ra-ra-ra-ra: Would you like some gold? I only have 28,882 but I can spare a little.
(77:38 / All) Fa-ra-ra-ra-ra: Because that's how much gold you let me mine.
(77:42 / All) Fa-ra-ra-ra-ra: With no upkeep.
(77:59 / All) Fa-ra-ra-ra-ra: 28,882 after I spent all that I could.
(78:26 / All) Fa-ra-ra-ra-ra: I took complete map control and I didn't even have an army.
(78:29 / All) Fa-ra-ra-ra-ra: How does that make you feel?
(78:42 / All) Fa-ra-ra-ra-ra: Because it should make you feel JOLLYYYYYYYYYY
(78:48 / All) Fa-ra-ra-ra-ra: FA RA RA RA RA, RA RA RA RA!
(79:11 / All) Fa-ra-ra-ra-ra: ARE YOU FEELING MERRY YET
(79:37 / All) Fa-ra-ra-ra-ra: Seriously, you're refusing to leave on a smurf account. That's hilarious.
(79:46 / All) Fa-ra-ra-ra-ra: Also I like how you NEVER countered invisibility.
(80:28 / All) Fa-ra-ra-ra-ra: Did you mine out the southwest mine yet?
(80:33 / All) Fa-ra-ra-ra-ra: I left like 800 for you.
(80:43 / All) Fa-ra-ra-ra-ra: With your pointless high upkeep, it was more like 200.
(82:11 / All) Fa-ra-ra-ra-ra: Wow that is a lot of chims.
(82:20 / All) Fa-ra-ra-ra-ra: Are you in a rush to kill the towers?
(82:41 / All) Fa-ra-ra-ra-ra: Like, does the extra one minute it takes to let a couple chims do the work impede on your busy schedule?
(84:55 / All) Fa-ra-ra-ra-ra: okay, what's with all the bears?
(85:09 / All) Fa-ra-ra-ra-ra: why did you keep them around? for upkeep or to feed exp to me?
(85:22 / All) Fa-ra-ra-ra-ra: my mages were standing next to you invis by the way
(85:32 / All) CoBo: hahaha I dont speak inglish
(85:43 / All) Fa-ra-ra-ra-ra: That line works better when you aren't speaking english
(85:56 / All) Fa-ra-ra-ra-ra: I'll make it simple
(86:00 / All) Fa-ra-ra-ra-ra: Bears = bad
(86:07 / All) Fa-ra-ra-ra-ra: 6 Chimeras = bad
(86:11 / All) Fa-ra-ra-ra-ra: Zepplins = bad
(86:16 / All) Fa-ra-ra-ra-ra: upkeep = bad
(86:18 / All) Fa-ra-ra-ra-ra: You = leave
(86:23 / All) CoBo: no
(86:46 / All) CoBo: zzzz
(86:49 / All) Fa-ra-ra-ra-ra: Leave?
(86:54 / All) CoBo: no
(86:57 / All) Fa-ra-ra-ra-ra: 6 critters on the map
(87:01 / All) Fa-ra-ra-ra-ra: If you kill them all, I leave
(88:13 / All) Fa-ra-ra-ra-ra: You understand I have almost 30,000 gold?
(88:23 / All) Fa-ra-ra-ra-ra: Top left buddy :)
(88:30 / All) Fa-ra-ra-ra-ra: I'm waiting for ya.
(88:49 / All) CoBo: ZZzzZZzzZzzZ
(88:57 / All) Fa-ra-ra-ra-ra: If you're so bored, why stay?
(89:40 / All) CoBo: go fight me... u win
(89:45 / All) Fa-ra-ra-ra-ra: So leave.
(90:00 / All) Fa-ra-ra-ra-ra: You think I would do this if I wanted a short game?
(91:22 / All) Fa-ra-ra-ra-ra: Not many fishes...
(91:25 / All) Fa-ra-ra-ra-ra: Left in the sea...
(91:28 / All) Fa-ra-ra-ra-ra: Not many fishes...
(91:33 / All) Fa-ra-ra-ra-ra: just CoBo and me. :)
(91:54 / All) CoBo: eu nao entendo
(92:04 / All) CoBo: pod falar a vontade eu nao entendo mesmo
(92:07 / All) Fa-ra-ra-ra-ra: You're the best Brazilian I've ever seen.
(92:32 / All) Fa-ra-ra-ra-ra: You should go professional.
(92:50 / All) Fa-ra-ra-ra-ra: You would be like in the top ten in Brazil.
(94:49 / All) Fa-ra-ra-ra-ra: Why would you do that lol
(97:13 / All) Fa-ra-ra-ra-ra: How'd that work out?
(98:55 / All) Fa-ra-ra-ra-ra: Aaaaaand the zepplins are down
(105:33 / All) Fa-ra-ra-ra-ra: Too easy.
(105:38 / All) CoBo: =)
(107:34 / All) Fa-ra-ra-ra-ra: No.
(108:29 / All) Fa-ra-ra-ra-ra: Nope.
(109:32 / All) Fa-ra-ra-ra-ra: Really?
(111:13 / All) Fa-ra-ra-ra-ra: Thanks for uprooting.
(112:25 / All) Fa-ra-ra-ra-ra: Okay im bored
(113:27 / All) Fa-ra-ra-ra-ra: Won't happen>
(113:31 / All) CoBo: +0
(113:42 / All) Fa-ra-ra-ra-ra: 0, that's how many you killed.
(113:45 / All) Fa-ra-ra-ra-ra: Leave noob?
(113:49 / All) CoBo: no
(113:53 / All) Fa-ra-ra-ra-ra: :)
(114:55 / All) Fa-ra-ra-ra-ra: I'm coming...